 Dungeon Crawl Stone Soup version 0.28.0 (webtiles) character file.

Game seed: 15658832275316877770

84 growler the Gusty (level 4, -7/24 HPs)
             Began as a Tengu Air Elementalist on Feb 18, 2022.
             Mangled by a gnoll (10 damage)
             ... on level 2 of the Dungeon.
             The game lasted 00:03:19 (1347 turns).

growler the Gusty (Tengu Air Elementalist)          Turns: 1347, Time: 00:03:19

Health: -7/24      AC:  2    Str:  8    XL:     4   Next: 46%
Magic:  1/9        EV: 12    Int: 17    God:
Gold:   64         SH:  0    Dex: 15    Spells: 2/8 levels left

rFire   . . .      SeeInvis .   (no weapon)
rCold   . . .      Faith    .   (no shield)
rNeg    . . .      Spirit   .   a - +0 robe
rPois   .          Reflect  .   (helmet restricted)
rElec   .          Harm     .   (no cloak)
rCorr   .          Rampage  .   (no gloves)
Will    .....                   (boots unavailable)
Stlth   ++........              (no amulet)
HPRegen 0.08/turn               (no ring)
MPRegen 0.11/turn               (no ring)

@: no status effects
A: beak, talons 3
a: no special abilities


You were on level 2 of the Dungeon.
You visited 1 branch of the dungeon, and saw 2 of its levels.

You collected 64 gold pieces.

Inventory:

Armour
 a - a +0 robe (worn)
Scrolls
 b - a scroll of brand weapon {unknown}
 c - a scroll of enchant armour {unknown}
 d - a scroll of amnesia {unknown}
 e - a scroll of noise {unknown}
 f - 4 scrolls of identify {unknown}


   Skills:
 - Level 2.1 Dodging
 - Level 2.0 Stealth
 + Level 2.9 Spellcasting
 + Level 3.3 Conjurations
 + Level 5.1 Air Magic


You had 2 spell levels left.
You knew the following spells:

 Your Spells              Type           Power      Damage    Failure   Level
a - Shock                 Conj/Air       64%        1d7       3%          1
d - Static Discharge      Conj/Air       16%        N/A       4%          2
s - Swiftness             Air            19%        N/A       6%          3

Your spell library contained the following spells:

 Spells                   Type           Power      Damage    Failure   Level
 Airstrike                Air            9%         N/A       22%         4


Dungeon Overview and Level Annotations

Branches:
Dungeon (2/15)

Altars:


Innate Abilities, Weirdness & Mutations

You have a beak for a mouth.
You have claws for feet.


Message History

The zap hits the gnoll.
The gnoll shouts!
Aim: a gnoll, wielding a +0 whip (heavily wounded, 75% to hit)
The zap hits the gnoll.
Aim: a gnoll, wielding a +0 whip (severely wounded, 75% to hit)
The zap hits the gnoll.
You kill the gnoll!
Your Air Magic skill increases to level 5!
Things that are here:
a +0 halberd; a gnoll corpse 2 gnolls come into view.
The gnoll moves out of view.
Aim: a gnoll, wielding a +0 club (wandering, hasn't noticed you, 75% to hit)
The zap hits the gnoll but does no damage.
Aim: a gnoll, wielding a +0 club (75% to hit)
You miscast Shock.
You are very lightly contaminated with residual magic.
Nothing appears to happen.
Aim: a gnoll, wielding a +0 club (75% to hit)
The zap misses the gnoll.
The zap hits the gnoll.
Aim: a gnoll, wielding a +0 club (75% to hit)
The zap hits the gnoll. x2
Aim: a gnoll, wielding a +0 club (lightly wounded, 75% to hit)
The zap hits the gnoll.
The zap misses the gnoll.
Aim: a gnoll, wielding a +0 club (heavily wounded, 75% to hit)
You miscast Shock.
Nothing appears to happen.
The gnoll is struck by an arc of lightning!
The gnoll is struck by an arc of lightning.
The lightning grounds out.
The gnoll hits you with a +0 club.
The gnoll hits you from afar with a +0 halberd.
Aim: a gnoll, wielding a +0 club (almost dead, 75% to hit)
The zap misses the gnoll.
The zap hits the gnoll.
The gnoll hits you with a +0 club. The gnoll barely misses you.
Unknown command.
The gnoll misses you.
There is a stone staircase leading up here.
Things that are here:
a +0 halberd; a gnoll corpse Your magical contamination has completely faded away.
Aim: a gnoll, wielding a +0 club (almost dead, 75% to hit)
The zap hits the gnoll.
You kill the gnoll!
The gnoll hits you from afar with a +0 halberd.
* * * LOW HITPOINT WARNING * * *
The gnoll hits you from afar with a +0 halberd.
* * * LOW HITPOINT WARNING * * *
A gnoll comes into view. It is wielding a +0 flail.
The gnoll shouts!
The gnoll hits you from afar with a +0 halberd!
You die...

.# ####.### #......# #####+#
#......# .......#####......###
.............รท....+>##
..................#..#
......#.####.@....#..#########
....)........................#
#.#......g##.....g.........#
#.....#...........#........#
######..#.#.##.####)#........#
.......)#......## #.#........#
######...<......# #.##..)....#
#####......# #.##.......#
#......# #.###.######


You could see 2 gnolls.

Vanquished Creatures
  5 gnolls (D:2)
  2 dart slugs (D:1)
  3 bats
  7 endoplasms
  3 giant cockroaches
  3 goblins
  4 hobgoblins
  2 rats
29 creatures vanquished.

Notes
Turn   | Place    | Note
-------+----------+-------------------------------------------
     0 | D:1      | growler the Tengu Air Elementalist began the quest for the
                  | Orb.
     0 | D:1      | Reached XP level 1. HP: 10/10 MP: 4/4
    91 | D:1      | Reached XP level 2. HP: 15/15 MP: 0/6
   144 | D:1      | Found a faded altar of an unknown god.
   898 | D:2      | Reached XP level 3. HP: 19/19 MP: 5/7
  1002 | D:2      | Learned a level 2 spell: Static Discharge
  1006 | D:2      | Learned a level 3 spell: Swiftness
  1207 | D:2      | Reached XP level 4. HP: 15/24 MP: 0/9
  1287 | D:2      | Reached skill level 5 in Air Magic
  1347 | D:2      | Mangled by a gnoll

Illustrated notes

Levels and vault maps discovered:
D:1:      lightli_iron_boxes, layout_rooms,
          chequers_ecumenical_altar_simple_redux
D:2:      layout_basic, amethyst_killhole

Skill      XL: |  1  2  3  4 |
---------------+-------------+-----
Conjurations   | 2 3 |  3.3
Air Magic      | 5 |  5.1
Dodging        | |  2.1
Stealth        | |  2.0
Spellcasting   | |  2.9

Action                   |  1- 3 |  4- 6 || total
-------------------------+-------+-------++-------
Melee: Unarmed           |     4 |       ||     4
       Kick              |     3 |       ||     3
 Cast: Shock             |    64 |     9 ||    73
       Static Discharge  |       |     1 ||     1
Dodge: Dodged            |     8 |     2 ||    10
